 Crawl Stoat Soup version 0.23-ish-327-95-g181beea39d (console) character file.

398 damerell the Skirmisher (level 6, -1/78 HPs)
             Began as a Hill Orc Ice Elementalist on Apr 11, 2024.
             Was an Initiate of Wu Jian.
             Slain by a crocodile (9 damage)
             ... on level 5 of the Dungeon.
             The game lasted 00:17:07 (6534 turns).

damerell the Skirmisher (Hill Orc Ice Elementalist) Turns: 6534, Time: 00:17:08

Health: -1/78      AC: 23    Str: 18    XL:     6   Next: 83%
Magic:  9/9        EV:  2    Int: 15    God:    Wu Jian [......]
Gold:   224        SH:  0    Dex: 11    Spells: 5/9 levels left

rFire    . . .     SeeInvis .   y - +0 war axe
rCold    . . .     Gourm    .   (no shield)
rNeg     + + +     Faith    .   (armour currently unavailable)
rPois    +         Spirit   .   (helmet currently unavailable)
rElec    .         Warding  .   (cloak currently unavailable)
rCorr    .         Reflect  .   (gloves currently unavailable)
MR       .....     Harm     .   (boots currently unavailable) Stlth ++........NoTele +
                                (no amulet)
HPRegen  0.23/turn              K - +4 ring of evasion
MPRegen  0.11/turn              F - ring of positive energy

@: mighty, tree-form
A: no striking features
a: Renounce Religion


You were on level 5 of the Dungeon.
You worshipped Wu Jian.
Wu Jian was noncommittal.
You were not hungry.
You were a tree.
You visited 1 branch of the dungeon, and saw 5 of its levels.

You collected 224 gold pieces.

Inventory:

Hand Weapons
 a - a +0 dagger of venom
   (You took it off a goblin on level 1 of the Dungeon)
 r - a +0 flail
   (You took it off Terence on level 2 of the Dungeon)
 y - a +0 war axe (weapon)
   (You took it off an orc on level 3 of the Dungeon)
Missiles
 f - 26 poisoned darts
 m - 73 stones (quivered)
 t - 2 boomerangs
Armour
 e - a +0 robe
 g - a +0 pair of gloves
   (You found it on level 1 of the Dungeon)
 s - a +0 chain mail
   (You took it off Terence on level 2 of the Dungeon)
 H - a +1 pair of gloves (melded)
   (You found it on level 4 of the Dungeon)
 I - a +0 plate armour (melded)
   (You found it on level 3 of the Dungeon)
Jewellery
 F - a ring of positive energy (right branch)
   (You found it on level 4 of the Dungeon)
 K - a +4 ring of evasion (left branch)
   (You found it on level 5 of the Dungeon)
Wands
 w - a wand of paralysis (19 charges)
 G - a wand of random effects (29 charges)
Scrolls
 b - a scroll of enchant armour {unknown}
 d - a scroll of remove curse
 j - a scroll of fog {unknown}
 k - a scroll of fear
 p - a scroll of blinking {unknown}
 u - a scroll of teleportation {unknown}
 v - 2 scrolls of magic mapping
 C - a scroll of noise
 E - a scroll of amnesia {unknown}
Potions
 c - 2 potions of curing
 h - a potion of cancellation
 q - a potion of mutation
 x - 4 potions of agility
 z - 2 potions of heal wounds {unknown}
 A - a potion of haste {unknown}
 D - a potion of brilliance {unknown}
 L - a potion of degeneration {unknown}
Comestibles
 l - a bread ration
 n - 6 meat rations
 B - a fruit
 J - 2 chunks of flesh


   Skills:
 - Level 4.2 Fighting
 * Level 1.8 Axes
 + Level 0.6 Armour
 - Level 1.9 Dodging
 - Level 1.5 Stealth
 - Level 2.2 Spellcasting
   Level 1.0 Conjurations
 - Level 2.7 Charms
 - Level 4.0 Ice Magic


You had 5 spell levels left.
You knew the following spells:

 Your Spells              Type           Power        Failure   Level  Hunger
a - Freeze                Ice            13/25        4%          1    #......
b - Ozocubu's Armour      Chrm/Ice       11/100       16%         3    ###....

Your spell library contained the following spells:

 Spells                   Type           Power        Failure   Level  Hunger
 Throw Frost              Conj/Ice       9/50         12%         2    ###....
 Confusing Touch          Hex            1/50         22%         1    #......
 Confuse                  Hex            1/100        54%         3    ###....
 Gell's Gravitas          Tloc           1/200        54%         3    ###....
 Throw Icicle             Conj/Ice       9/100        61%         4    #####..
 Summon Ice Beast         Ice/Summ       7/100        67%         4    #####..
 Petrify                  Tmut/Erth      1/100        91%         4    #####..
 Metabolic Englaciation   Hex/Ice        7/200        95%         5    ######.
 Yara's Violent Unravell  Hex/Tmut       1/200        99%         5    ######.


Dungeon Overview and Level Annotations

Branches:
Dungeon (5/15)
 Temple: D:4-7

Altars:
Cheibriados
Elyvilon
Kikubaaqudgha
Okawaru
Qazlal
Vehumet
Wu Jian

Annotations:
D:1 digout unseen


Message History

The ball python constricts you.
The ball python bites you but does no damage.
The ball python constricts you.
You closely miss the ball python.
The ball python is severely wounded.
The ball python bites you but does no damage.
The ball python constricts you.
The ball python bites you but does no damage.
The ball python constricts you.
You barely miss the ball python.
The ball python is severely wounded.
The ball python bites you but does no damage.
The ball python constricts you.
You slash the ball python!
You kill the ball python!
The Council accepts your kill.
You see here a ball python corpse.
You butcher the ball python corpse.
J - 3 chunks of flesh (gained 2)
You see here a ball python skeleton.
x - 4 potions of agility (gained 1)
K - a blackened moonstone ring Put on which piece of jewellery? (? for menu, Esc to quit)
K - a +4 ring of evasion (left hand) Put on which piece of jewellery? (? for menu, Esc to quit)
F - a ring of positive energy (right hand) Unknown command.
Some of the chunks of flesh in your inventory have rotted away.
L - a sedimented purple potion
Found a robe.
Unknown command.
C - 2 scrolls labeled KERYAH EMIFI (gained 1)
As you read the scroll labeled KERYAH EMIFI, it crumbles to dust.
You hear a loud clanging noise!
It was a scroll of noise.
Something shouts, "Quit, thou pribbling boil-brained pignut!"
A crocodile comes into view.
Found a pair of gloves.
Throwing (i - inventory) (/) - cycle)
m - 79 stones (quivered)
Press: ? - help, Shift-Dir - straight line, f - crocodile
Aim: a crocodile You throw a stone.
The stone hits the crocodile but does no damage.
Throwing (i - inventory) (/) - cycle)
m - 78 stones (quivered)
Press: ? - help, Shift-Dir - straight line, f/p - crocodile
Aim: a crocodile You throw a stone.
The stone closely misses the crocodile.
Throwing (i - inventory) (/) - cycle)
m - 77 stones (quivered)
Press: ? - help, Shift-Dir - straight line, f/p - crocodile
Aim: a crocodile You throw a stone.
The stone closely misses the crocodile.
Throwing (i - inventory) (/) - cycle)
m - 76 stones (quivered)
Press: ? - help, Shift-Dir - straight line, f/p - crocodile
Aim: a crocodile You throw a stone.
The stone hits the crocodile but does no damage.
Throwing (i - inventory) (/) - cycle)
m - 75 stones (quivered)
Press: ? - help, Shift-Dir - straight line, f/p - crocodile
Aim: a crocodile You throw a stone.
The stone completely misses the crocodile.
Throwing (i - inventory) (/) - cycle)
m - 74 stones (quivered)
Press: ? - help, Shift-Dir - straight line, f/p - crocodile
Aim: a crocodile You throw a stone.
The stone barely misses the crocodile.
You barely miss the crocodile. The crocodile closely misses you.
Your plate armour prevents you from hitting the crocodile.
The crocodile closely misses you. The crocodile bites you!
You barely miss the crocodile. The crocodile barely misses you.
You closely miss the crocodile. The crocodile bites you!
You hit the crocodile.
The crocodile is lightly wounded.
The crocodile bites you! The crocodile barely misses you.
You closely miss the crocodile.
The crocodile is lightly wounded.
The crocodile bites you but does no damage.
You closely miss the crocodile.
The crocodile is lightly wounded.
The crocodile bites you. The crocodile bites you!
* * * LOW HITPOINT WARNING * * *
You turn into a tree.
Your +1 pair of gloves melds into your body.
Your +0 plate armour melds into your body.
Your roots penetrate the ground.
The crocodile bites you.
* * * LOW HITPOINT WARNING * * *
You feel very mighty all of a sudden.
The crocodile bites you but does no damage.
You slash the crocodile!
The crocodile is heavily wounded.
The crocodile barely misses you.
You closely miss the crocodile.
The crocodile is heavily wounded.
The crocodile bites you!
* * * LOW HITPOINT WARNING * * *
You barely miss the crocodile.
The crocodile is heavily wounded.
The crocodile bites you but does no damage. x2
You feel better. The crocodile bites you!
* * * LOW HITPOINT WARNING * * *
You feel better. The crocodile bites you!
You die...

.................... ..
.......♣...............
.......t.#.............
...###..###...#........
## ....#.....###......
[(.......##.........
#..#...#####.##......
..(....# #..# ....#.
#(##.....###.## ..#.#
#. #....###.# .# #.
##..###..# ##
#...##..###.# .#
#....##..# ...
####.....## ..#
#......#..#
#..##......#
#..###..##..#


You could see a crocodile.

Vanquished Creatures
  3 jellies (D:2)
  Jessica (D:2)
  A bullfrog skeleton (D:4)
  Terence (D:2)
  2 iguanas (D:4)
  A worker ant (D:4)
  4 adders
  7 oozes (D:2)
  2 dart slugs
  A leopard gecko (D:1)
  8 orcs
  3 ball pythons
  A giant cockroach (D:1)
  11 goblins
  3 hobgoblins
  3 weasels
  9 bats
  2 frilled lizards (D:2)
  11 kobolds
  9 rats
83 creatures vanquished.

Vanquished Creatures (others)
  9 fungi (D:2)
  8 toadstools (D:2)
17 creatures vanquished.

Grand Total: 100 creatures vanquished

Notes
Turn   | Place    | Note
-------+----------+-------------------------------------------
     0 | D:1      | damerell the Hill Orc Ice Elementalist began the quest for
                  | the Orb.
     0 | D:1      | Reached XP level 1. HP: 14/14 MP: 3/3
     0 | D:1      | Noticed a minotaur skeleton
     3 | D:1      | Noticed a gargoyle
    13 | D:1      | Noticed a minotaur
    13 | D:1      | Noticed an octopode
    15 | D:1      | Noticed a troll
   212 | D:1      | Reached skill level 1 in Fighting
   262 | D:1      | Reached XP level 2. HP: 19/23 MP: 0/4
   721 | D:1      | Reached XP level 3. HP: 29/29 MP: 3/5
   726 | D:1      | Learned a level 3 spell: Ozocubu's Armour
  1136 | D:2      | Noticed Jessica
  1150 | D:2      | HP: 8/29 [Jessica/dagger (6)]
  1153 | D:2      | Killed Jessica
  1153 | D:2      | Reached XP level 4. HP: 9/37 MP: 0/6
  1642 | D:2      | Reached skill level 1 in Charms
  1754 | D:2      | Found an ornate altar of the Wu Jian Council.
  1866 | D:2      | Found an ancient bone altar of Kikubaaqudgha.
  2203 | D:2      | Noticed Terence
  2214 | D:2      | Killed Terence
  3055 | D:2      | Reached XP level 5. HP: 27/45 MP: 2/8
  3667 | D:2      | Reached XP level 6. HP: 27/52 MP: 0/9
  4213 | D:2      | Became a worshipper of the Wu Jian Council
  4333 | D:3      | Found a snail-covered altar of Cheibriados.
  4336 | D:3      | Found a stormy altar of Qazlal.
  4339 | D:3      | Found a white marble altar of Elyvilon.
  4427 | D:3      | Found a radiant altar of Vehumet.
  4474 | D:3      | Found a faded altar of an unknown god.
  5221 | D:4      | Found an iron altar of Okawaru.
  5320 | D:4      | Reached skill level 1 in Axes
  6228 | D:5      | Entered Level 5 of the Dungeon
  6527 | D:5      | HP: 9/52 [crocodile (10)]
  6531 | D:5      | HP: 2/78 [crocodile (7)]
  6534 | D:5      | Slain by a crocodile

Vault maps used:
D:1:      shiori_arrival_whats_in_store_for_you, due_unseen_surprise
D:2:      cheibrodos_fertilizer, lemuel_round_altar, marbit_many_paths,
          first_bread, uniq_terence, uniq_jessica
D:3:      grunt_temple_overflow_cloverleaf, chequers_ecumenical_altar_island
D:4:      lemuel_coloured_pillars_altar

Skill      XL: |  1  2  3  4  5  6 |
---------------+-------------------+-----
Fighting       | 1 2 3 4 |  4.2
Ice Magic      | 3 4 |  4.0
Charms         | 1 2 |  2.7
Spellcasting   | 2 |  2.2
Axes           | 1 |  1.8
Armour         | |  0.6
Dodging        | |  1.9
Stealth        | |  1.5
Conjurations   | |  1.0

Action                   |  1- 3 |  4- 6 || total
-------------------------+-------+-------++-------
Melee: Unarmed           |     5 |       ||     5
       Dagger            |     2 |     5 ||     7
       War axe           |       |    52 ||    52
Throw: Dart              |     2 |     5 ||     7
       Stone             |       |    49 ||    49
 Cast: Freeze            |    43 |   108 ||   151
       Ozocubu's Armour  |       |     4 ||     4
Invok: Lunge             |       |    11 ||    11
  Use: Scroll            |       |     8 ||     8
       Potion            |       |     4 ||     4
 Stab: Sleeping          |       |     1 ||     1
  Eat: Bread ration      |     1 |     1 ||     2
       Meat ration       |       |     1 ||     1
       Chunk             |       |     6 ||     6
       Fruit             |       |     1 ||     1
Armor: Robe              |     8 |    20 ||    28
       Plate armour      |       |    33 ||    33
       Skin              |       |     3 ||     3
Dodge: Dodged            |    20 |    70 ||    90

Table legend:
 A = Spawn XP
 B = Non-spawn XP
 C = Spawn XP percentage of total XP
 D = Spawn monster count
 E = Non-spawn monster count
 F = Spawn count percentage of total count
 G = Total turns spent on level
                    A         B        C        D         E        F      G
               +---------+---------+-------+---------+---------+-------+---------
         Total |      90 |     479 |  15.8 |      18 |      65 |  21.7 |  6534
               +---------+---------+-------+---------+---------+-------+---------
           D:1 |       9 |      34 |  20.9 |       6 |      20 |  23.1 |  1195
           D:2 |      24 |     305 |   7.3 |       7 |      28 |  20.0 |  2837
           D:3 |       4 |      23 |  14.8 |       2 |      10 |  16.7 |  1048
           D:4 |      53 |     116 |  31.4 |       3 |       6 |  33.3 |  1335
           D:5 |       0 |       1 |   0.0 |       0 |       1 |   0.0 |   119
               +---------+---------+-------+---------+---------+-------+---------
